 Dungeon Crawl Stone Soup version 0.31-a0-978-g1e143483b6 (webtiles) character file.

Game seed: 18215262150555666519

180 hudiniq the Grave Robber (level 5, -6/37 HPs)
             Began as a Gnoll Necromancer on Oct 30, 2023.
             Was an Initiate of Vehumet.
             Killed from afar by an orc wizard (8 damage)
             ... with a magic dart
             ... on level 6 of the Dungeon.
             The game lasted 00:10:40 (4117 turns).

hudiniq the Grave Robber (Gnoll Necromancer)        Turns: 4117, Time: 00:10:40

Health: -6/37      AC:  0    Str:  8    XL:     5   Next: 60%
Magic:  12/12      EV: 12    Int: 16    God:    Vehumet [......]
Gold:   214        SH:  0    Dex: 12    Spells: 13/14 levels left

rFire   + . .        a - +0 mace
rCold   + + .        (no shield)
rNeg    . . .        j - +0 leather armour
rPois   .            (no helmet)
rElec   .            (no cloak)
rCorr   .            (no gloves)
SInv    .            (no boots)
Will    .....        m - amulet of magic regeneration
Stlth   +            r - ring "Lepn" {rF+ rC++}
HPRegen 0.26/turn    (no ring)
MPRegen 0.53/turn

%: no passive effects
@: confused, corroded
A: fangs 1, strong nose, distributed training
a: Renounce Religion


You were on level 6 of the Dungeon.
You worshipped Vehumet.
Vehumet was noncommittal.
You visited 2 branches of the dungeon, and saw 7 of its levels.

You collected 214 gold pieces.

Inventory:

Hand Weapons
 a - a +0 mace (weapon)
 e - a +0 sling
 u - a +2 falchion of flaming
Missiles
 d - 3 boomerangs
Armour
 j - a +0 leather armour (worn)
Jewellery
 m - an amulet of magic regeneration (around neck)
 r - the ring "Lepn" (left hand) {rF+ rC++}
   (You found it on level 7 of the Dungeon)

   [ring of protection from fire]

   rF+:       It protects you from fire.
   rC++:      It greatly protects you from cold.
 t - a ring of fire
Scrolls
 i - a scroll of enchant weapon {unknown}
 k - 5 scrolls of identify {unknown}
 o - 2 scrolls of teleportation {unknown}
 s - a scroll of blinking {unknown}
Potions
 b - a potion of magic
 c - a potion of mutation {unknown}
 f - a potion of invisibility {unknown}
 g - a potion of brilliance {unknown}
 h - a potion of resistance {unknown}
 l - 3 potions of enlightenment {unknown}
 n - a potion of ambrosia {unknown}
 p - a potion of lignification {unknown}
 q - a potion of curing {unknown}


   Skills:
 + Level 1.6 Fighting
 + Level 1.6 Short Blades
 + Level 1.6 Long Blades
 + Level 1.6 Axes
 + Level 1.6 Maces & Flails
 + Level 1.6 Polearms
 + Level 1.6 Staves
 + Level 1.6 Ranged Weapons
 + Level 1.6 Throwing
 + Level 1.6 Armour
 + Level 4.8 Dodging
 + Level 4.4 Stealth
 + Level 1.6 Shields
 + Level 1.6 Unarmed Combat
 + Level 5.2 Spellcasting
 + Level 1.2 Conjurations
 + Level 1.2 Hexes
 + Level 1.2 Summonings
 + Level 7.2 Necromancy
 + Level 1.2 Translocations
 + Level 1.2 Transmutations
 + Level 1.2 Fire Magic
 + Level 1.2 Ice Magic
 + Level 1.2 Air Magic
 + Level 1.2 Earth Magic
 + Level 1.2 Poison Magic
 + Level 1.8 Invocations
 + Level 1.6 Evocations
 + Level 1.4 Shapeshifting


You had 13 spell levels left.
You knew the following spells:

 Your Spells              Type           Power      Damage    Failure   Level
a - Necrotise             Necr           100%       1d9       1%          1

Your spell library contained the following spells:

 Spells                   Type           Power      Damage    Failure   Level
 Vampiric Draining        Necr           27%        2d7       3%          3
 Animate Dead             Necr           27%        N/A       11%         4
 Slow                     Hex            32%        N/A       12%         1
 Lesser Beckoning         Tloc           16%        N/A       19%         2
 Agony                    Necr           27%        N/A       30%         5
 Confusing Touch          Hex            8%         N/A       36%         3
 Gell's Gravitas          Tloc           8%         N/A       36%         3
 Sigil of Binding         Hex            8%         N/A       36%         3
 Stone Arrow              Conj/Erth      16%        3d8       36%         3
 Teleport Other           Tloc           8%         N/A       36%         3
 Animate Armour           Summ/Erth      16%        N/A       77%         4
 Lehudib's Crystal Spear  Conj/Erth      4%         10d3      100%        8


Dungeon Overview and Level Annotations

Branches:
Dungeon (7/15)             Temple (1/1) D:7

Altars:
Ashenzari
Dithmenos
Gozag
Kikubaaqudgha
Okawaru
Trog
Uskayaw
Vehumet
Zin

Annotations:
Temple 2 transporters


Innate Abilities, Weirdness & Mutations

You have very sharp teeth.
Your uncanny sense of smell can sniff out nearby items.
Your experience applies equally to all skills.


Message History

Aim: an orc wizard, wielding a +0 dagger and wearing a +0 robe (heavily wounded, ally target, chance to affect: 83%)
The orc wizard writhes in agony.
The orc wizard points at you and mumbles some strange words.
You are confused.
You're too confused to cast spells.
You're too confused to cast spells.
The orc wizard hits you with a +0 dagger.
Your orc wizard skeleton misses the orc wizard.
An acid dragon comes into view.
The orc wizard points at you and mumbles some strange words.
You resist with some effort.
Your orc wizard skeleton closely misses the orc wizard.
You bump into the rock wall.
The acid dragon spits acid at you. The splash of acid misses you.
Your orc wizard skeleton hits the orc wizard.
You hear a shout!
You're too confused to cast spells.
The orc wizard barely misses you.
Your orc wizard skeleton barely misses the orc wizard.
You bump into the rock wall.
The orc wizard hits you with a +0 dagger.
A phantom comes into view.
The orc wizard closely misses you.
Your orc wizard skeleton closely misses the orc wizard.
You feel less confused.
The orc wizard hits you but does no damage.
Your orc wizard skeleton closely misses the orc wizard.
You swap places.
The orc wizard casts a spell at you.
You are confused.
The acid dragon spits acid at you. The splash of acid hits you!
* * * LOW HITPOINT WARNING * * *
The acid corrodes you!
Your orc wizard skeleton hits the orc wizard but does no damage.
You hear an angry growl.
You hear a shout! x2
The orc wizard points at you and mumbles some strange words.
The magic dart hits you!
You die...

... ..........#...# ..
........).#..## ..
.............## .. .
..........#..## #..##.
#..........o##
.....W####.........#..#
##...D..#..).......##.#
.^..###.o..........##{#
....?..Z.@.........##.###
...#####............#...#
###..........#o..#
#.........>)...#
##########.#...# ###...#
#...# #####


You could see an acid dragon (catching breath), a phantom, an orc wizard (ally
target) and a friendly orc wizard skeleton.

Vanquished Creatures
  Terence (D:3)
  Natasha (D:4)
  An orc wizard (D:6)
  4 adders
  3 worms
  3 dart slugs
  2 orcs (D:6)
  3 endoplasms
  2 giant cockroaches
  3 goblins
  5 hobgoblins
  4 jackals (D:2)
  7 kobolds
  4 ball pythons
  4 bats
  2 frilled lizards (D:3)
  5 rats
54 creatures vanquished.

Vanquished Creatures (collateral kills)
  A ball python (D:3)
  A frilled lizard (D:2)
2 creatures vanquished.

Vanquished Creatures (others)
  An orc (D:4)
1 creature vanquished.

Grand Total: 57 creatures vanquished

Notes
Turn   | Place    | Note
-------+----------+-------------------------------------------
     0 | D:1      | hudiniq the Gnoll Necromancer began the quest for the Orb.
     0 | D:1      | Reached XP level 1. HP: 13/13 MP: 6/6
   444 | D:1      | Reached XP level 2. HP: 19/19 MP: 5/7
  1059 | D:2      | Reached skill level 5 in Spellcasting
  1059 | D:2      | Reached XP level 3. HP: 25/25 MP: 2/9
  1503 | D:2      | Reached skill level 1 in Invocations
  2042 | D:3      | Reached skill level 1 in Fighting
  2042 | D:3      | Reached skill level 1 in Short Blades
  2042 | D:3      | Reached skill level 1 in Long Blades
  2042 | D:3      | Reached skill level 1 in Axes
  2042 | D:3      | Reached skill level 1 in Maces & Flails
  2042 | D:3      | Reached skill level 1 in Polearms
  2042 | D:3      | Reached skill level 1 in Staves
  2042 | D:3      | Reached skill level 1 in Ranged Weapons
  2042 | D:3      | Reached skill level 1 in Throwing
  2042 | D:3      | Reached skill level 1 in Armour
  2042 | D:3      | Reached skill level 1 in Shields
  2042 | D:3      | Reached skill level 1 in Unarmed Combat
  2042 | D:3      | Reached skill level 1 in Evocations
  2084 | D:3      | Reached skill level 1 in Shapeshifting
  2084 | D:3      | Reached XP level 4. HP: 32/32 MP: 7/11
  2436 | D:3      | Noticed Terence
  2442 | D:3      | Killed Terence
  2443 | D:3      | Reached skill level 1 in Conjurations
  2443 | D:3      | Reached skill level 1 in Hexes
  2443 | D:3      | Reached skill level 1 in Summonings
  2443 | D:3      | Reached skill level 1 in Translocations
  2443 | D:3      | Reached skill level 1 in Transmutations
  2443 | D:3      | Reached skill level 1 in Fire Magic
  2443 | D:3      | Reached skill level 1 in Ice Magic
  2443 | D:3      | Reached skill level 1 in Air Magic
  2443 | D:3      | Reached skill level 1 in Earth Magic
  2443 | D:3      | Reached skill level 1 in Poison Magic
  2744 | D:3      | Found a faded altar of an unknown god.
  3105 | D:3      | Reached XP level 5. HP: 36/37 MP: 7/12
  3671 | D:4      | Noticed Natasha
  3675 | D:4      | Killed Natasha
  3778 | D:4      | Noticed a phantom
  3815 | D:4      | You fall into a shaft and drop 3 floors!
  3819 | D:7      | Identified the ring "Lepn" {rF+ rC++}
  3888 | D:7      | Noticed a steam dragon
  3991 | D:7      | Found a staircase to the Ecumenical Temple.
  4003 | Temple   | Found a transporter.
  4003 | Temple   | Found a transporter.
  4003 | Temple   | Found a transporter.
  4003 | Temple   | Found a transporter.
  4003 | Temple   | Entered the Ecumenical Temple
  4029 | Temple   | Became a worshipper of Vehumet
  4110 | D:6      | Noticed an acid dragon
  4113 | D:6      | Noticed a phantom
  4117 | D:6      | Killed from afar by an orc wizard

Illustrated notes

Levels and vault maps discovered:
D:1:      dpeg_arrival_lava_temple_mockup, layout_basic, serial_forest,
          infiniplex_forest_side_room, infiniplex_forest_pool,
          infiniplex_forest_lined_ring, infiniplex_forest_clump_tiny,
          infiniplex_forest_clump_long, infiniplex_forest_corner_1,
          infiniplex_forest_straight_2, infiniplex_forest_straight_4
D:2:      layout_loops_ring
D:3:      layout_basic, hellmonk_ecumenical_altar_leap_of_faith,
          glass_columns_c, serial_park_tiny_1, minmay_quantized, uniq_terence
D:4:      layout_basic, nicolae_qazlal_scattered_showers, uniq_natasha
D:6:      layout_rooms
D:7:      layout_basic, mainiacjoe_overflow_six_doors_small,
          minmay_temple_entry_trees, feat_on_display
Temple:   hellmonk_temple_divided_pantheon

Skill      XL: |  1  2  3  4 |
---------------+-------------+-----
Spellcasting   | 5 |  5.2
Invocations    | 1 |  1.8
Fighting       | 1 |  1.6
Short Blades   | 1 |  1.6
Long Blades    | 1 |  1.6
Axes           | 1 |  1.6
Maces & Flails | 1 |  1.6
Polearms       | 1 |  1.6
Staves         | 1 |  1.6
Ranged Weapons | 1 |  1.6
Throwing       | 1 |  1.6
Armour         | 1 |  1.6
Shields        | 1 |  1.6
Unarmed Combat | 1 |  1.6
Evocations     | 1 |  1.6
Shapeshifting  | 1 |  1.4
Conjurations   | 1 |  1.2
Hexes          | 1 |  1.2
Summonings     | 1 |  1.2
Translocations | 1 |  1.2
Transmutations | 1 |  1.2
Fire Magic     | 1 |  1.2
Ice Magic      | 1 |  1.2
Air Magic      | 1 |  1.2
Earth Magic    | 1 |  1.2
Poison Magic   | 1 |  1.2
Dodging        | |  4.8
Stealth        | |  4.4
Necromancy     | |  7.2

Action                     |  1- 3 |  4- 6 || total
---------------------------+-------+-------++-------
  Melee: Mace              |       |     4 ||     4
   Cast: Necrotise         |    55 |    59 ||   114
 Armour: Robe              |     1 |       ||     1
         Leather armour    |     2 |    28 ||    30
  Dodge: Dodged            |     1 |    11 ||    12

Table legend: (Time is in decaauts)
 A = Elapsed time spent in this place.
 B = Non-inter-level travel time spent in this place.
 C = Inter-level travel time spent in this place.
 D = Time resting spent in this place.
 E = Time spent auto-exploring this place.
 F = Levels seen in this place.
 G = Mean time per level.
                   A        B        C        D        E       F      G
               +--------+--------+--------+--------+--------+-----+--------+
         Total |   4117 |   4003 |    114 |   1030 |   2388 |   7 |  588.1 |
       Dungeon |   4074 |   3960 |    114 |   1030 |   2388 |   6 |  679.0 |
        Temple |     42 |     42 |      0 |      0 |      0 |   1 |   42.0 |
               +--------+--------+--------+--------+--------+-----+--------+

Top non-repeatable levels by time:
     D:3: 1715 daAuts
     D:2: 1039 daAuts
     D:1: 855 daAuts
     D:4: 203 daAuts
     D:7: 195 daAuts
     D:6: 64 daAuts
  Temple: 42 daAuts
